 Dungeon Crawl Stone Soup version 0.26.1-2-gb8aa6d0cf2 (webtiles) character file.

Game seed: 14945759787378932116

60 windgrace the Ruffian (level 4, -5/38 HPs)
             Began as a Ghoul Monk on Feb 9, 2021.
             Killed from afar by Sigmund (6 damage)
             ... with a puff of flame
             ... on level 3 of the Dungeon.
             The game lasted 00:06:14 (1376 turns).

windgrace the Ruffian (Ghoul Monk)                  Turns: 1376, Time: 00:06:15

Health: -5/38      AC:  5    Str: 15    XL:     4   Next: 4%
Magic:  3/3        EV: 11    Int:  5    God:
Gold:   73         SH:  3    Dex: 11    Spells: 3/3 levels left

rFire    . . .     SeeInvis .     - Unarmed
rCold    + . .     Faith    .   c - +0 buckler
rNeg     + + +     Spirit   .   e - +0 ring mail
rPois    ∞         Reflect  .   (no helmet)
rElec    .         Harm     .   (no cloak)
rCorr    .         Rampage  .   (no gloves)
Will     .....                  (no boots)
Stlth    +.........             k - amulet of the acrobat
HPRegen  0.00/turn              b - ring of wizardry
MPRegen  0.08/turn              (no ring)

@: no status effects
A: claws 1, cold resistance 1, negative energy resistance 3, inhibited
regeneration, torment resistance, unbreathing
a: no special abilities


You were on level 3 of the Dungeon.
You visited 1 branch of the dungeon, and saw 3 of its levels.

You collected 73 gold pieces.

Inventory:

Missiles
 f - 8 poisoned darts (quivered)
Armour
 a - a +0 robe
 c - a +0 buckler (worn)
 d - a +0 ring mail
 e - a +0 ring mail (worn)
Jewellery
 b - a ring of wizardry (left claw)
 k - an amulet of the acrobat (around neck)
Scrolls
 i - 2 scrolls of identify {unknown}
 l - a scroll of random uselessness {unknown}
Potions
 g - a potion of haste {unknown}
 h - a potion of degeneration {unknown}
 n - a potion of flight {unknown}
 o - a potion of might {unknown}


   Skills:
 + Level 3.4 Fighting
 + Level 0.7 Throwing
 + Level 0.4 Armour
 + Level 3.1 Dodging
 + Level 2.2 Stealth
 + Level 1.0 Shields
 + Level 4.1 Unarmed Combat


You had 3 spell levels left.
You didn't know any spells.
Your spell library was empty.

Dungeon Overview and Level Annotations

Branches:
Dungeon (2/15)

Altars:

Annotations:
D:3 Sigmund


Innate Abilities, Weirdness & Mutations

You thrive by killing the living.
You are immune to poison.
You have sharp fingernails.
Your flesh is cold resistant. (rC+)
You are immune to negative energy. (rN+++)
You do not regenerate when monsters are visible.
You are immune to unholy pain and torment.
You can survive without breathing.


Message History

You barely miss something. You claw something! Something hits you.
* * * LOW HITPOINT WARNING * * *
As you read the scroll labelled DUISKEAMAHO, it crumbles to dust.
It is a scroll of amnesia.
You feel forgetful for a moment. Something hits you.
* * * LOW HITPOINT WARNING * * *
Blink to where?
Press: ? - help, Dir - move target
As you read the scroll labelled MUGOOW HUTH, it crumbles to dust.
It was a scroll of blinking.
A worm comes into view.
You open the door.
A hobgoblin comes into view.
The hobgoblin shouts!
There is an open door here.
You open the door.
A puff of flame appears from out of thin air!
The puff of flame hits you.
You die...

#..# .. #.##.#.#
#..##.###.#.##.#..
#..##.#.#.#.##.###
#>..............
#.{#........##.#
#..#........##..
#..'............
##.#....w...#
#.#.@......#
#.##'#####.#
#g##.# #. ... #.
... #.#.### #. #?


You could see a worm.

Vanquished Creatures
  4 adders
  A worm (D:2)
  A leopard gecko (D:2)
  3 giant cockroaches (D:2)
  3 goblins
  2 hobgoblins
  2 kobolds (D:2)
  3 bats
  2 frilled lizards (D:2)
  A rat (D:2)
22 creatures vanquished.

Vanquished Creatures (others)
  4 toadstools (D:1)
4 creatures vanquished.

Grand Total: 26 creatures vanquished

Notes
Turn   | Place    | Note
-------+----------+-------------------------------------------
     0 | D:1      | windgrace the Ghoul Monk began the quest for the Orb.
     0 | D:1      | Reached XP level 1. HP: 19/19 MP: 0/0
   928 | D:2      | Reached XP level 2. HP: 26/26 MP: 1/1
   986 | D:2      | Reached skill level 1 in Shields
   995 | D:2      | Reached XP level 3. HP: 18/31 MP: 2/2
  1320 | D:2      | You fall into a shaft and drop 1 floor!
  1328 | D:3      | Reached skill level 4 in Unarmed Combat
  1328 | D:3      | Reached XP level 4. HP: 37/38 MP: 3/3
  1337 | D:3      | Noticed Sigmund
  1366 | D:3      | HP: 1/38 [something (5)]
  1376 | D:3      | Killed from afar by Sigmund

Illustrated notes

Levels and vault maps discovered:
D:1:      ldierk_water_garden, layout_basic, grunt_decor_arrowhead
D:2:      layout_loops_ring, minmay_guardbox
D:3:      layout_basic, lightli_temple_of_fire, uniq_grinder, uniq_sigmund

Skill      XL: |  1  2  3 |
---------------+----------+-----
Shields        | 1 |  1.0
Dodging        | 3 |  3.1
Unarmed Combat | 4 |  4.1
Fighting       | |  3.4
Throwing       | |  0.7
Armour         | |  0.4
Stealth        | |  2.2

Action                   |  1- 3 |  4- 6 || total
-------------------------+-------+-------++-------
Melee: Unarmed           |    81 |     7 ||    88
Throw: Dart              |    12 |       ||    12
  Use: Scroll            |       |     2 ||     2
Armor: Ring mail         |    22 |     2 ||    24
Dodge: Dodged            |    37 |     1 ||    38
Block: Buckler           |     6 |     1 ||     7
